AoeStats
← 已严肃退出多人局

Nomad

509832272Analyzed
4v4 RM · 5d ago on Sep 28, 2026· 36m 17s· 8 players
Game mode
Random Map
Map size
231×231
Population
200
Speed
Normal
Resources
Standard
Victory
Conquest
Starting age
Dark Age
Ending age
Imperial Age
RankedLock teamsTeams togetherTeam positionsShared explorationLock speedFull tech treeHidden civsTurbo modeCheats
Victory
Defeat
🇨🇳 Varangians · China
1899
+8
🇭🇰 Varangians · Hong Kong SAR China
1838
+9
🇻🇳 Inca · Vietnam
1711
+14
🇨🇳 Berbers · China
1709
+14
🇮🇹 Mongols · Italy
1836
-17
🇻🇳 Persians · Vietnam
1710
-12
🇨🇳 Varangians · China
1603
-8
🇨🇳 Japanese · China
1586
-8
VIPN@U
8:02 Loom
12:34 Feudal Age
16:29 Castle Age
14:39 Champi Runner
15:21 Scale Mail Armor
16:38 Champi Warrior
17:22 Squires
17:21 Double-Bit Axe
17:32 Arson
23:52 Horse Collar
25:50 Forging
28:05 Fletching
28:36 Chain Mail Armor
28:39 Town Watch
31:19 Bow Saw
33:51 Wheelbarrow
35:03 Heavy Plow
35:40 Gold Mining
35:45 Stone Mining
ique大爷
12:32 Feudal Age
12:25 Loom
16:42 Castle Age
16:34 Double-Bit Axe
17:27 Fletching
18:04 Bow Saw
19:19 Bodkin Arrow
19:59 Gold Mining
19:59 Horse Collar
24:09 Padded Archer Armor
27:43 Bloodlines
28:39 Wheelbarrow
28:21 Husbandry
30:06 Hand Cart
30:14 Ballistics
29:53 Town Watch
31:01 Leather Archer Armor
34:26 Gold Shaft Mining
33:42 Stone Mining
36:28 Stone Shaft Mining
已严肃退出多人局
10:42 Loom
12:41 Feudal Age
13:33 Double-Bit Axe
16:43 Castle Age
14:41 Fishing Lines
15:13 Town Watch
17:03 Gold Mining
17:49 Medium Warships
19:00 Horse Collar
19:55 Wheelbarrow
21:31 Forging
22:46 Fletching
25:49 Hand Cart
26:49 Bow Saw
26:48 Stone Mining
30:37 Imperial Age
28:34 Scale Barding Armor
29:42 Chain Barding Armor
29:46 Husbandry
29:52 Gillnets
30:58 Iron Casting
30:32 Heavy Plow
31:41 Conscription
31:57 Plate Barding Armor
32:42 Blast Furnace
32:39 Bodkin Arrow
32:56 Bloodlines
33:04 Elite Jarl
34:36 Stone Shaft Mining
CNZS_Donghaidi
13:46 Feudal Age
17:20 Castle Age
15:16 Double-Bit Axe
15:14 Fishing Lines
15:27 Stone Mining
17:53 Bloodlines
18:17 Bow Saw
17:58 Gillnets
18:18 Scale Barding Armor
18:11 Gold Mining
21:31 Husbandry
21:47 Medium Warships
23:08 Forging
25:41 Wheelbarrow
24:54 Town Watch
25:51 Iron Casting
25:48 Loom
26:41 Fletching
26:39 Loom
31:30 Hand Cart
31:01 Horse Collar
35:52 Imperial Age
34:53 Chain Barding Armor
36:10 Elite Jarl
OS+ | 青田龙
10:12 Loom
14:10 Feudal Age
15:25 Double-Bit Axe
16:16 Gold Mining
18:49 Castle Age
16:34 Fishing Lines
17:48 Forging
19:40 Scale Barding Armor
20:55 Iron Casting
20:25 Husbandry
20:58 Bloodlines
30:50 Bow Saw
Sói
5:08 Loom
14:21 Feudal Age
16:02 Fishing Lines
16:08 Double-Bit Axe
19:01 Castle Age
17:25 Gold Mining
17:50 Bloodlines
17:46 Scale Barding Armor
19:50 Bow Saw
19:35 Gillnets
21:15 Horse Collar
24:27 Wheelbarrow
24:23 Husbandry
31:25 Imperial Age
29:59 Chain Barding Armor
30:10 Hand Cart
30:10 Heavy Plow
30:48 Gold Shaft Mining
30:04 Stone Mining
31:07 Forging
31:16 Cavalier
32:49 Plate Barding Armor
33:17 Iron Casting
32:58 Cavalier
34:48 Two-Man Saw
34:32 Savar
我是你大飞哥
4:05 Loom
14:12 Feudal Age
14:55 Double-Bit Axe
15:17 Fishing Lines
18:04 Castle Age
16:25 Gold Mining
16:56 Scale Mail Armor
17:45 Arson
18:12 Forging
23:38 Chain Mail Armor
23:27 Squires
30:21 Fletching
31:31 Crossbowman
33:23 Ballistics
33:09 Padded Archer Armor
33:27 Thumb Ring
34:08 Bodkin Arrow
36:33 Wheelbarrow
39:02 Imperial Age
心如止水
4:18 Loom
14:08 Feudal Age
14:57 Double-Bit Axe
15:02 Fishing Lines
17:44 Castle Age
16:19 Forging
17:13 Gold Mining
18:35 Bow Saw
18:47 Medium Warships
19:04 Fletching
20:22 Wheelbarrow
20:13 Bodkin Arrow
24:33 Horse Collar
25:57 Hand Cart
25:28 Town Watch
34:23 Imperial Age
33:40 Bloodlines
33:31 Husbandry
33:58 Scale Barding Armor
34:45 Cavalier
Connection lost

Rejoining the realm…

Still unreachable

The connection could not be restored.

Session expired

The server has moved on; the page needs a fresh start.